Map: 블랙번 - 래더

Players

Ryung

  • Race: Terran Terran
  • League: Grandmaster

Solar - Winner!

  • Race: Zerg Zerg
  • League: Master

VOD

Have the link to the VOD?

Description

Time

  • Played on: Oct. 21, 2021, 7:20 a.m.
  • Length: 12:04
Show
View Real Time Build Order
Export as new Build Order

Ryung Terran 

Build Orders:  

Get SALT Encoding   

  12  0:00  SCV  
  13  0:16  Supply Depot  
  13  0:20  SCV  
  14  0:41  Barracks  
  14  0:49  Barracks  
  14  0:53  SCV  
  15  1:05  SCV  
  15  1:07  Refinery  
  16  1:17  SCV  
  17  1:28  Marine  
  17  1:30  Orbital Command  
  18  1:36  Marine  
  19  1:44  Supply Depot  
  19  1:46  Marine  
  20  1:54  Bunker  
  20  1:56  SCV  
  20  2:00  Marine  
  22  2:08  SCV  
  22  2:10  Marine  
  24  2:22  Marine  
  24  2:26  Factory, SCV  
  24  2:27  Marine  
  23  2:39  Marine, SCV  
  25  2:45  Marine  
  25  2:51  SCV  
  27  3:05  SCV  
  27  3:09  Command Center  
  27  3:12  Factory Reactor  
  28  3:18  Starport  
  28  3:20  SCV  
  28  3:26  Supply Depot  
  29  3:33  SCV  
  30  3:38  Refinery  
  30  3:45  SCV  
  31  3:49  Hellion x2  
  31  3:54  Medivac  
  37  3:57  SCV  
  38  4:12  Armory  
  38  4:16  SCV  
  39  4:21  Hellion x2  
  43  4:25  Orbital Command  
  43  4:30  SCV  
  44  4:37  Liberator  
  47  4:42  Hellion  
  47  4:43  Hellion  
  51  4:50  Barracks Tech Lab  
  51  4:51  Supply Depot  
  51  4:53  SCV x2  
  53  5:08  Barracks Reactor, SCV  
  53  5:13  SCV, Hellion x2  
  59  5:20  SCV  
  60  5:24  Supply Depot, Stimpack  
  60  5:25  SCV  
  61  5:29  Marine  
  61  5:32  SCV  
  62  5:38  SCV  
  62  5:43  Supply Depot  
  62  5:47  Marine  
  62  5:49  SCV  
  61  5:50  SCV  
  61  5:56  Marine x2  
  48  5:57  Starport Reactor  
  48  6:01  SCV  
  48  6:03  SCV  
  45  6:04  Command Center  
  45  6:13  SCV  
  45  6:14  Engineering Bay  
  45  6:15  SCV  
  45  6:16  Engineering Bay  
  45  6:17  Marine x2  
  45  6:18  Marine, Factory Tech Lab  
  50  6:25  Supply Depot  
  50  6:26  SCV  
  50  6:27  SCV  
  50  6:29  Barracks  
  52  6:37  Refinery x2  
  52  6:38  SCV  
  52  6:39  SCV  
  54  6:40  Terran Infantry Weapons Level 1  
  54  6:43  Terran Infantry Armor Level 1  
  57  6:50  Medivac, SCV  
  57  6:51  Medivac, SCV  
  57  6:52  Marine  
  61  6:54  Marine  
  61  6:55  Marine  
  63  7:02  SCV  
  63  7:03  Siege Tank, SCV  
  68  7:09  Combat Shield  
  68  7:13  Supply Depot  
  68  7:15  Supply Depot  
  68  7:16  SCV, Orbital Command  
  68  7:18  SCV  
  68  7:22  Marine x2  
  72  7:23  Marine  
  72  7:28  Marine  
  72  7:29  Marine  
  75  7:32  SCV x2  
  75  7:35  Siege Tank  
  80  7:40  Marine, Supply Depot, Orbital Command  
  81  7:47  Marine x3, Medivac x2  
  81  7:48  Marine  
  89  7:53  SCV x2  
  89  7:58  Barracks  
  91  8:05  Barracks, SCV x2  
  93  8:07  Supply Depot  
  93  8:08  Siege Tank  
  93  8:09  Supply Depot  
  93  8:11  SCV  
  97  8:15  Marine  
  97  8:16  Marine x3  
  97  8:17  Marine, SCV  
  103  8:26  SCV  
  103  8:27  SCV  
  105  8:29  SCV  
  105  8:33  Supply Depot  
  106  8:35  Supply Depot, Terran Infantry Weapons Level 2  
  106  8:39  SCV x2  
  106  8:40  Terran Infantry Armor Level 2  
  108  8:41  SCV  
  109  8:51  Marine x3  
  109  8:52  Marine, Barracks Reactor  
  113  8:56  Siege Tank  
  113  8:57  Marine  
  113  8:59  Barracks Reactor  
  113  9:01  SCV x3, Refinery  
  119  9:03  Supply Depot  
  119  9:09  Marine x3, Terran Vehicle Weapons Level 1  
  122  9:10  Marine  
  122  9:13  SCV x3  
  122  9:14  Supply Depot  
  122  9:15  Medivac  
  122  9:16  Medivac  
  130  9:25  Marine  
  130  9:27  Marine x2  
  130  9:28  Marine x3  
  130  9:29  Marine  
  137  9:35  Siege Tank  
  137  9:37  Refinery  
  140  9:40  Marine x2  
  140  9:43  Marine, Supply Depot  
  140  9:44  Marine  
  140  9:45  Marine  
  145  9:46  Marine x3  
  145  9:49  Liberator  
  145  9:51  Liberator  
  145  9:52  Marine, Supply Depot x2  
  155  10:04  Marine x4  
  155  10:05  Marine x2  
  155  10:06  Marauder  
  163  10:10  Siege Tank  
  166  10:19  Command Center  
  166  10:20  Marine x2  
  166  10:21  Marine x3  
  169  10:32  Liberator  
  169  10:34  Liberator  
  175  10:36  Bunker  
  175  10:38  Marine x3, Marauder  
  180  10:42  Sensor Tower  
  180  10:46  Siege Tank  
  180  10:48  SCV x3  
  186  11:02  Marine x3  
  189  11:05  Supply Depot  
  189  11:06  Supply Depot  
  189  11:09  Marine  
  189  11:10  Marine  
  189  11:27  Marine x3, Marauder  
  170  11:34  Marine x5  
  136  11:44  Marine x3  
Show
View Real Time Build Order
Export as new Build Order

Solar Zerg - Winner!

Build Orders: Hatch First 

Get SALT Encoding   

  12  0:00  Drone  
  13  0:12  Overlord  
  13  0:17  Drone  
  14  0:31  Drone x2  
  16  0:47  Hatchery  
  15  0:51  Drone  
  15  0:54  Drone  
  17  0:57  Drone  
  18  1:09  Extractor  
  17  1:14  Spawning Pool  
  17  1:16  Drone  
  17  1:20  Drone  
  18  1:28  Drone  
  19  1:40  Drone  
  20  1:52  Drone  
  21  2:00  Queen x2  
  25  2:01  Zergling x4  
  26  2:10  Zergling x4  
  24  2:24  Drone x2  
  25  2:39  Overlord  
  25  2:42  Drone  
  26  2:45  Drone  
  26  2:48  Drone  
  28  2:59  Drone x2  
  28  3:02  Metabolic Boost  
  30  3:09  Drone  
  31  3:13  Queen  
  31  3:14  Drone  
  31  3:15  Drone  
  35  3:20  Overlord  
  35  3:23  Drone  
  36  3:27  Overlord  
  36  3:39  Drone x4  
  40  3:42  Drone  
  40  3:47  Drone x2  
  43  3:55  Hatchery  
  42  3:57  Drone  
  42  4:02  Queen  
  45  4:07  Drone  
  45  4:09  Overlord  
  46  4:11  Drone  
  46  4:12  Drone  
  46  4:15  Zergling x2  
  49  4:20  Overlord  
  49  4:22  Drone x3  
  52  4:28  Zergling x4  
  52  4:29  Drone x2  
  56  4:38  Overlord  
  56  4:40  Drone, Queen  
  56  4:45  Spine Crawler, Queen  
  59  4:50  Overlord  
  60  4:57  Zergling x12  
  65  5:00  Drone x2  
  65  5:03  Baneling Nest  
  67  5:07  Queen  
  67  5:10  Drone x2  
  67  5:14  Drone  
  72  5:17  Drone  
  72  5:18  Spore Crawler  
  72  5:19  Drone  
  72  5:22  Drone x3  
  72  5:24  Drone  
  72  5:28  Lair  
  76  5:29  Drone  
  76  5:30  Drone  
  76  5:32  Overlord  
  78  5:38  Zergling x2  
  77  5:43  Zergling x2  
  77  5:47  Zergling x2  
  76  5:50  Zergling x4  
  76  5:52  Drone x2  
  76  5:53  Drone  
  76  5:54  Drone  
  76  5:55  Drone  
  76  5:56  Drone  
  77  5:59  Drone x3  
  77  6:00  Drone x2  
  80  6:04  Queen  
  80  6:10  Evolution Chamber, Extractor x2  
  80  6:11  Evolution Chamber  
  78  6:13  Drone  
  78  6:15  Extractor x2  
  78  6:16  Drone x2, Spore Crawler  
  78  6:17  Drone  
  79  6:19  Drone  
  79  6:22  Drone  
  81  6:25  Overlord  
  81  6:26  Centrifugal Hooks, Hatchery  
  81  6:27  Drone  
  81  6:32  Overseer  
  80  6:33  Drone  
  80  6:36  Drone x4  
  80  6:39  Drone  
  86  6:43  Drone x3  
  86  6:46  Drone x2  
  91  6:47  Overlord  
  91  6:49  Drone x2  
  91  6:53  Zerg Ground Armor Level 1  
  93  6:55  Zerg Melee Weapons Level 1, Overlord  
  93  6:57  Zergling x2  
  93  6:59  Overlord  
  94  7:04  Zergling x4  
  94  7:07  Zergling x2  
  94  7:08  Zergling x4  
  99  7:09  Overlord  
  99  7:10  Drone x3, Pneumatized Carapace  
  102  7:15  Overlord  
  102  7:16  Drone x2  
  102  7:17  Zergling x2  
  102  7:20  Zergling x4  
  107  7:24  Baneling x9  
  107  7:27  Overlord  
  107  7:30  Zergling x2  
  107  7:34  Zergling x2  
  109  7:37  Queen  
  109  7:38  Zergling x2  
  109  7:39  Zergling x6  
  109  7:40  Baneling  
  109  7:41  Baneling x2  
  109  7:43  Zergling x6  
  109  7:44  Zergling x2  
  119  7:46  Zergling x4  
  120  7:51  Drone  
  120  7:52  Drone x4  
  120  7:58  Zergling x2  
  126  8:00  Zergling x2  
  126  8:01  Zergling x4  
  126  8:02  Baneling x3  
  126  8:03  Hatchery  
  126  8:05  Overseer  
  128  8:07  Overlord  
  128  8:08  Zergling x10  
  128  8:12  Zergling x8  
  139  8:21  Zergling x6  
  139  8:23  Overlord  
  139  8:24  Spore Crawler  
  139  8:29  Drone x3  
  139  8:30  Zergling x4  
  139  8:31  Baneling x3, Extractor  
  139  8:33  Drone  
  144  8:34  Overlord  
  144  8:35  Infestation Pit, Zergling x8  
  144  8:36  Zergling x4  
  144  8:37  Hydralisk Den, Zergling x6  
  151  8:49  Drone  
  151  8:53  Zerg Ground Armor Level 2, Zerg Melee Weapons Level 2  
  151  8:55  Drone x6  
  158  8:59  Drone  
  158  9:00  Overlord  
  158  9:02  Zergling x4  
  160  9:03  Hatchery  
  160  9:05  Drone x3  
  160  9:06  Drone  
  160  9:07  Hydralisk  
  160  9:08  Zergling x4  
  160  9:09  Lurker Den  
  166  9:10  Muscular Augments, Overlord  
  166  9:12  Hive, Extractor  
  166  9:13  Overlord  
  166  9:15  Overlord  
  166  9:16  Zergling x2  
  167  9:17  Zergling x2  
  167  9:20  Hydralisk x2  
  167  9:23  Baneling x8  
  171  9:25  Zergling x2  
  171  9:29  Drone x2  
  174  9:31  Zergling x4  
  174  9:32  Zergling x6  
  179  9:38  Zergling x22  
  179  9:44  Drone  
  190  9:47  Hydralisk x2  
  190  9:48  Hydralisk  
  190  9:49  Baneling x3  
  190  9:50  Baneling x2  
  190  9:51  Zergling x2  
  197  9:55  Overseer  
  197  9:58  Zergling x6  
  197  9:59  Hatchery  
  199  10:09  Zergling x4  
  197  10:22  Zergling x4  
  197  10:27  Adrenal Glands, Seismic Spines  
  198  10:51  Zergling x4, Extractor  
  198  10:56  Zergling x2  
  199  11:02  Drone x3  
  196  11:06  Drone x3  
  196  11:08  Zergling x6  
  196  11:09  Baneling  
  198  11:12  Extractor  
  198  11:14  Baneling x2  
  197  11:19  Zergling x6  
  200  11:32  Zergling x16  
  183  11:33  Zergling x22  
  183  11:35  Zergling x4  
  183  11:36  Zergling x14  
Tags
 
Add a new tag
Caveats
  • Supply blocks, unpowered buildings, or Contaminate may cause inaccurate times.
  • Supply counts are checked every 10 seconds.